 Dungeon Crawl Stone Soup version 0.26-a0-665-gefeb406119 (webtiles) character file.

Game seed: 6996972128336046728

26756 dolemite99 the Blocker (level 13, -10/104 HPs)
             Began as a Formicid Fighter on Oct 15, 2020.
             Was a Believer of Yredelemnul.
             Killed from afar by a hell hound (13 damage)
             ... with a blast of flame
             ... on level 6 of the Lair of Beasts.
             The game lasted 00:30:27 (17991 turns).

dolemite99 the Blocker (Formicid Fighter)          Turns: 17991, Time: 00:30:27

Health: -10/104    AC: 21    Str: 27    XL:     13   Next: 60%
Magic:  20/20      EV: 22    Int: 10    God:    Yredelemnul [**....]
Gold:   825        SH: 13    Dex: 10    Spells: 12/12 levels left

rFire    . . .     SeeInvis +   a - +2 lajatang
rCold    . . .     Faith    .   c - +0 kite shield
rNeg     . . .     Spirit   .   J - +0 plate armour
rPois    +         Reflect  .   (helmet unavailable)
rElec    .         Harm     .   n - +2 cloak
rCorr    .         Rampage  .   R - +0 pair of gloves
MR       +....                  (no boots)
Stlth    ..........             D - amulet "Zeorrawk" {Acrobat Int+3}
HPRegen  0.27/turn              p - ring of poison resistance
MPRegen  0.17/turn              E - +4 ring of protection {=R}

@: brilliant, acrobat, flying
A: permanent stasis, dig shafts and tunnels, four strong arms, antennae 3
a: Dig, Shaft Self, Animate Remains, Recall Undead Slaves, Injury Mirror,
Renounce Religion


You were on level 6 of the Lair of Beasts.
You worshipped Yredelemnul.
Yredelemnul was pleased with you.
You visited 3 branches of the dungeon, and saw 15 of its levels.

You collected 825 gold pieces.

Inventory:

Hand Weapons
 a - a +2 lajatang (weapon)
 b - a +3 shortbow
 q - a +2 dagger of venom
 C - a +3 trident
 F - a +2 bardiche of protection
Missiles
 e - 57 poisoned darts (quivered)
 h - 376 stones
 m - 182 arrows
 u - 38 sling bullets
 x - 8 boomerangs
 z - 13 atropa-tipped darts
Armour
 c - a +0 kite shield (worn)
 n - a +2 cloak (worn)
 v - a +1 scale mail of poison resistance
 G - a +0 hat
 J - a +0 plate armour (worn)
 Q - the +2 ring mail "Hoqeu" {rC++, unknown}
   (You found it on level 5 of the Lair of Beasts)

   It greatly protects you from cold.
 R - a +0 pair of gloves (worn)
Jewellery
 i - an uncursed amulet of reflection
 j - an uncursed ring of positive energy
 p - a ring of poison resistance (left hand)
 t - a +6 ring of intelligence
 D - the amulet "Zeorrawk" (around neck) {Acrobat Int+3}
   (You found it on level 6 of the Lair of Beasts)

   [amulet of the acrobat]

   It helps you evade while moving and waiting.
   It affects your intelligence (+3).
 E - a +4 ring of protection (right hand) {=R}
 I - an uncursed amulet of guardian spirit
 L - a cursed ring of teleportation
 O - an uncursed ring of teleportation
Wands
 f - a wand of digging (2)
 o - a wand of iceblast (1)
 M - a wand of polymorph (9)
 N - a wand of flame (8)
 S - a wand of paralysis (6)
Scrolls
 d - a scroll of amnesia
 r - 8 scrolls of remove curse {@r2}
 s - a scroll of magic mapping
 y - a scroll of noise
Potions
 g - a potion of stabbing
 k - 4 potions of flight
 l - 5 potions of mutation
 w - 2 potions of haste
 A - a potion of lignification {unknown}
 B - a potion of brilliance
 H - a potion of cancellation {unknown}
 K - a potion of invisibility {unknown}


   Skills:
 - Level 10.4 Fighting
 - Level 8.1(10.5) Polearms
 - Level 10.6(11.7) Staves
 - Level 2.8 Bows
 + Level 7.2 Armour
 - Level 11.1 Shields
 - Level 10.0 Invocations
 - Level 7.1 Evocations


You had 12 spell levels left.
You didn't know any spells.
Your spell library contained the following spells:

 Spells                   Type           Power        Failure   Level
 Animate Skeleton         Necr           #.....       98%         1
 Apportation              Tloc           #.....       98%         1
 Corona                   Hex            #......      98%         1
 Magic Dart               Conj           #...         98%         1
 Pain                     Necr           #...         98%         1
 Summon Small Mammal      Summ           #...         98%         1
 Call Imp                 Summ           #.......     99%         2
 Searing Ray              Conj           #.....       99%         2
 Slow                     Hex            #.......     99%         2
 Call Canine Familiar     Summ           #.......     100%        3
 Conjure Flame            Conj/Fire      #.......     100%        3
 Dazzling Flash           Conj/Hex       #.....       100%        3
 Mephitic Cloud           Conj/Pois/Air  #.......     100%        3
 Summon Guardian Golem    Hex/Summ       #.......     100%        3
 Vampiric Draining        Necr           #.........   100%        3
 Animate Dead             Necr           #.........   100%        4
 Fulminant Prism          Conj/Hex       #.........   100%        4
 Iskenderun's Mystic Bla  Conj/Tloc      #.......     100%        4
 Summon Ice Beast         Ice/Summ       #.......     100%        4
 Summon Lightning Spire   Summ/Air       #.......     100%        4
 Agony                    Necr           #.......     100%        5
 Blink                    Tloc           Unusable     N/A         2

Dungeon Overview and Level Annotations

Branches:
Dungeon (9/15)             Temple (1/1) D:6            Lair (6/6) D:9
 Shoals (0/4) Lair:2        Snake (0/4) Lair:2          Orc (0/2) D:9
  Slime: Lair:5-6

Altars:
Ashenzari
Cheibriados
Dithmenos
Elyvilon
Fedhas
Gozag
Hepliaklqana
Kikubaaqudgha
Makhleb
Nemelex Xobeh
Okawaru
Qazlal
Ru
Sif Muna
Trog
Uskayaw
Vehumet
Xom
Yredelemnul
Zin
The Shining One

Annotations:
Lair:5 Rupert
Lair:6 2 runed translucent doors


Innate Abilities, Weirdness & Mutations

You cannot be hasted, slowed, berserked, paralysed or teleported.
You can dig through walls and to a lower floor.
Your four strong arms can wield two-handed weapons with a shield.
You have a pair of large antennae on your head. (SInv)


Message History

* * * LOW HITPOINT WARNING * * *
The wyvern bites you but does no damage.
The hell hound bites you but does no damage.
The wyvern bites you.
* * * LOW HITPOINT WARNING * * *
The wyvern barely misses you.
A wyvern comes into view.
A steam dragon comes into view.
The steam dragon hisses angrily.
The komodo dragon hisses angrily.
You hear an angry hiss.
The wyvern bites you but does no damage.
The hell hound bites you but does no damage.
You see here a lindwurm corpse.
The wyvern hisses angrily.
You hear an angry hiss.
The wyvern bites you but does no damage.
The fire dragon roars deafeningly!
The hell hound breathes flames at you. The blast of flame hits you!
You die...
Your body rises from the dead as a mindless zombie.

#≈§....##...##
##..#8#§§≈####..
#≈§...#§≈≈≈#≈
#.....#.§§## #.. ≈≈....
≈≈≈≈≈≈§≈ ##^.......§≈#
#..
≈≈######≈##.........S≈#
#.. $...##§≈..........≈
##. $.D..#§≈≈§§......#
#. .....+......§...# {
#. .....+...§.§...## #.
#l@#.§§9...# #.
##l≈###§§..## #.
####Dlh#{{§#8#8# ##.
≈§§..≈§§h§9###### #..
##§§≈l#§h#{§≈# #..
...≈≈...###§≈≈≈≈≈ ##..
...l§#... #≈{### ##...
....#.... #≈{{ ##.... {
....#.... ##§{ #.....


You could see a fire dragon, a komodo dragon, a steam dragon, 2 hell hounds and
4 wyverns.

Vanquished Creatures
  2 hydras
  Erica (D:9)
  Pikel (D:6)
  A lindwurm (Lair:6)
  A manticore (Lair:6)
  5 elephants (Lair:1)
  2 molten gargoyles (Lair:6)
  2 black mambas
  Maurice (D:9)
  7 cane toads
  9 komodo dragons
  2 rime drakes (Lair:6)
  A polar bear (Lair:1)
  Prince Ribbit (D:9)
  Grinder (D:3)
  12 blink frogs (Lair:6)
  7 dream sheep (Lair:6)
  16 wyverns
  11 yaks
  7 basilisks
  A steam dragon (Lair:6)
  10 water moccasins
  3 orc warriors (D:9)
  An ice beast (D:8)
  4 sky beasts
  A necrophage (D:9)
  4 phantoms
  4 ogres
  A wolf (Lair:6)
  8 centaurs
  A lemure (D:6)
  2 big kobolds
  6 bullfrogs
  6 scorpions
  A killer bee (D:7)
  3 wights (D:7)
  A bullfrog zombie (D:7)
  5 hounds
  An orc priest (D:6)
  2 jellies
  A gnoll shaman (D:8)
  6 orc wizards
  A bullfrog skeleton (D:6)
  Jessica (D:2)
  13 worker ants
  Natasha (twice) (D:4)
  3 iguanas
  6 hell rats (Lair:6)
  A hound zombie (D:6)
  A worker ant zombie (D:8)
  Robin (D:2)
  10 gnolls
  19 adders
  A river rat (D:4)
  2 shadow imps
  2 white imps
  2 oozes (D:1)
  3 adder skeletons
  A worm (D:2)
  4 dart slugs
  2 leopard geckos
  29 orcs
  5 bats
  2 giant cockroaches
  12 goblins (D:2)
  5 hobgoblins
  9 jackals
  3 quokkas
  3 ball pythons
  4 frilled lizards
  3 kobolds
  A quokka zombie (D:8)
  5 rats
318 creatures vanquished.

Vanquished Creatures (collateral kills)
  Gastronok (Lair:1)
  A cane toad (Lair:6)
  A wyvern (Lair:6)
  2 water moccasins
  2 wolves (Lair:6)
  A bullfrog (Lair:2)
  An adder (Lair:2)
  2 ball pythons (Lair:2)
11 creatures vanquished.

Vanquished Creatures (others)
  2 black mamba zombies
  2 wolf zombies (Lair:6)
  2 blink frog skeletons (Lair:6)
  3 blink frog zombies (Lair:6)
  5 dream sheep zombies (Lair:6)
  An elephant zombie (Lair:1)
  2 yak zombies
  A cane toad zombie (Lair:2)
  A dream sheep skeleton (Lair:6)
  A basilisk skeleton (Lair:6)
  3 basilisk zombies (Lair:6)
  A bullfrog zombie (Lair:1)
  A centaur zombie (Lair:2)
  A hell rat skeleton (Lair:6)
  2 hell rat zombies (Lair:6)
  3 komodo dragon zombies
  A steam dragon zombie (Lair:6)
  A water moccasin skeleton (Lair:6)
  4 water moccasin zombies
  2 wyvern skeletons (Lair:6)
  4 wyvern zombies
  A bush (Lair:5)
  32 fungi
  57 plants
133 creatures vanquished.

Grand Total: 462 creatures vanquished

Notes
Turn   | Place    | Note
-------+----------+-------------------------------------------
     0 | D:1      | dolemite99 the Formicid Fighter began the quest for the
                  | Orb.
     0 | D:1      | Reached XP level 1. HP: 18/18 MP: 1/1
    79 | D:1      | Reached XP level 2. HP: 23/24 MP: 2/2
   546 | D:1      | Reached XP level 3. HP: 14/29 MP: 3/3
  1120 | D:2      | Noticed Jessica
  1121 | D:2      | Killed Jessica
  1121 | D:2      | Reached XP level 4. HP: 35/35 MP: 4/4
  1231 | D:2      | Noticed Robin
  1268 | D:2      | Killed Robin
  1568 | D:2      | Reached XP level 5. HP: 41/41 MP: 5/5
  1828 | D:3      | Noticed Grinder
  1857 | D:3      | HP: 1/41 [Grinder/nerve-wracking pain (11)]
  1861 | D:3      | Killed Grinder
  1861 | D:3      | Reached XP level 6. HP: 12/47 MP: 6/6
  2807 | D:3      | Reached XP level 7. HP: 48/52 MP: 7/7
  3760 | D:4      | Noticed Natasha
  3762 | D:4      | Killed Natasha
  3826 | D:4      | Reached skill level 4 in Shields
  3880 | D:4      | Reached XP level 8. HP: 40/58 MP: 8/8
  4070 | D:4      | Reached skill level 5 in Shields
  4291 | D:4      | Noticed Natasha
  4305 | D:4      | Killed Natasha
  4456 | D:5      | Entered Level 5 of the Dungeon
  4954 | D:5      | Reached skill level 6 in Shields
  5217 | D:5      | Reached skill level 1 in Staves
  5397 | D:5      | Found a bloodstained altar of Trog.
  5813 | D:6      | Found a staircase to the Ecumenical Temple.
  5831 | Temple   | Entered the Ecumenical Temple
  5851 | Temple   | Reached skill level 1 in Bows
  6143 | Temple   | Became a worshipper of Yredelemnul the Dark
  6739 | D:6      | Reached XP level 9. HP: 37/64 MP: 9/9
  7194 | D:6      | Noticed Pikel
  7220 | D:6      | Reached * piety under Yredelemnul
  7239 | D:6      | Killed Pikel
  7834 | D:7      | Reached skill level 5 in Armour
  8479 | D:7      | Reached XP level 10. HP: 69/71 MP: 10/10
  8614 | D:7      | Reached skill level 5 in Fighting
  9026 | D:8      | Reached ** piety under Yredelemnul
  9026 | D:8      | Reached skill level 1 in Invocations
  9697 | D:8      | Reached skill level 5 in Invocations
  9924 | D:9      | Noticed Maurice
  9956 | D:9      | Killed Maurice
 10095 | D:9      | Found a staircase to the Orcish Mines.
 10270 | D:9      | Noticed Prince Ribbit
 10285 | D:9      | Killed Prince Ribbit
 10732 | D:9      | Found a broken altar of Ashenzari.
 10908 | D:9      | Noticed Erica
 10918 | D:9      | Killed Erica
 10918 | D:9      | Reached skill level 10 in Invocations
 10918 | D:9      | Reached XP level 11. HP: 59/80 MP: 16/18
 11207 | D:9      | Found a staircase to the Lair.
 11482 | Lair:1   | Entered Level 1 of the Lair of Beasts
 11484 | Lair:1   | Noticed an elephant
 11484 | Lair:1   | Noticed an elephant
 11493 | Lair:1   | Reached *** piety under Yredelemnul
 11512 | Lair:1   | Killed an elephant
 11512 | Lair:1   | Reached skill level 7 in Shields
 11514 | Lair:1   | Killed an elephant
 11998 | Lair:1   | Noticed an elephant
 11998 | Lair:1   | Noticed an elephant
 11998 | Lair:1   | Noticed an elephant
 12006 | Lair:1   | Reached skill level 8 in Shields
 12017 | Lair:1   | Killed an elephant
 12023 | Lair:1   | Killed an elephant
 12026 | Lair:1   | Killed an elephant
 12118 | Lair:1   | Noticed Gastronok
 12136 | Lair:1   | Killed Gastronok
 12136 | Lair:1   | Reached skill level 9 in Shields
 12750 | Lair:1   | Reached XP level 12. HP: 95/95 MP: 19/19
 13192 | Lair:2   | Noticed a seven-headed hydra
 13204 | Lair:2   | Killed a seven-headed hydra
 13204 | Lair:2   | Reached skill level 10 in Shields
 13506 | Lair:2   | Found a staircase to the Shoals.
 13556 | Lair:2   | Reached skill level 10 in Fighting
 13923 | Lair:2   | Found a staircase to the Snake Pit.
 14167 | Lair:2   | Reached skill level 11 in Shields
 14703 | Lair:3   | Reached skill level 1 in Evocations
 14865 | Lair:3   | Noticed a six-headed hydra
 14874 | Lair:3   | Noticed an eight-headed hydra
 14878 | Lair:3   | You fall into a shaft and drop 3 floors!
 14878 | Lair:6   | Entered Level 6 of the Lair of Beasts
 15008 | Lair:6   | Reached skill level 5 in Evocations
 15027 | Lair:6   | HP: 3/98 [hell rat (3)]
 15044 | Lair:6   | HP: 4/98 [wyvern (2)]
 15049 | Lair:6   | HP: 2/98 [wyvern (3)]
 15628 | Lair:6   | Reached XP level 13. HP: 98/104 MP: 18/20
 16211 | Lair:6   | Noticed a four-headed hydra
 16228 | Lair:6   | Killed a four-headed hydra
 16253 | Lair:6   | Got a twitching bone amulet
 16257 | Lair:6   | Identified the amulet "Zeorrawk" {Acrobat Int+3} (You found
                  | it on level 6 of the Lair of Beasts)
 16336 | Lair:5   | Got an ichor-stained ring mail
 16567 | Lair:5   | You fall into a shaft and drop 1 floor!
 17243 | Lair:6   | Reached skill level 10 in Staves
 17956 | Lair:5   | Noticed Rupert
 17976 | Lair:5   | You fall into a shaft and drop 1 floor!
 17979 | Lair:6   | Found a large runed translucent door.
 17979 | Lair:6   | Found a large runed translucent door.
 17988 | Lair:6   | HP: 5/104 [hell hound (5)]
 17988 | Lair:6   | HP: 2/104 [wyvern (3)]
 17991 | Lair:6   | Noticed a fire dragon
 17991 | Lair:6   | Killed from afar by a hell hound

Illustrated notes

Levels and vault maps discovered:
D:1:      lightli_arrival_chessboard, layout_basic
D:2:      layout_rooms, uniq_jessica, uniq_robin
D:3:      layout_rooms, minmay_snake_closets, uniq_grinder
D:4:      layout_loops_ring, portal_sewer_entry_b, mrwooster_statue_mirror,
          uniq_natasha
D:5:      layout_gridville, trog_three_pillars_becter
D:6:      layout_gridville, minmay_temple_entry_water_ring, uniq_pikel
D:7:      cheibrodos_barr_body, layout_loops_ring
D:8:      layout_loops_cross, nicolae_overflow_hidden_temple
D:9:      kennysheep_spiral_hall, layout_gridville, david_lair_shrubbed,
          david_orc_2, cheibrodos_ashenzari_chains, uniq_prince_ribbit1,
          uniq_erica, uniq_maurice
Temple:   roderic_octagonal_lattice_temple
Lair:1:   layout_chaotic_city, serial_bayou_pond_a, uniq_gastronok
Lair:2:   layout_chaotic_city, minmay_shoals_entry_centaurs,
          minmay_snake_entry_six_corridors
Lair:3:   layout_regular_city
Lair:5:   layout_gridlike, slime_dummy, gammafunk_ghost_hive, uniq_rupert
Lair:6:   cheibrodos_lair_end_hotspot, layout_cave_pods, special_room
          [special_room_mythical_zoo]

Skill      XL: |  1  2  3  4  5  6  7  8  9 10 11 12 13 |
---------------+----------------------------------------+-----
Polearms       | 3 4 6 8 |  8.1
Shields        | 4 6 9 11 | 11.1
Staves         | 3 6 10 | 10.6
Bows           | 2 |  2.8
Armour         | 6 7 |  7.2
Fighting       | 5 9 10 | 10.4
Invocations    | 10 | 10.0
Evocations     | 7 |  7.1

Action                   |  1- 3 |  4- 6 |  7- 9 | 10-12 | 13-15 || total
-------------------------+-------+-------+-------+-------+-------++-------
Melee: Trident           |    46 |   147 |   176 |     9 |     1 ||   379
       Lajatang          |       |       |   191 |   419 |   153 ||   763
 Fire: Shortbow          |       |       |   122 |   179 |       ||   301
Throw: Dart              |    21 |    13 |    40 |    27 |    24 ||   125
Invok: Animate Remains   |       |       |       |    31 |    22 ||    53
       Injury Mirror     |       |       |       |     5 |     5 ||    10
 Abil: Dig               |       |       |     1 |     7 |     6 ||    14
       Shaft Self        |       |       |       |     1 |     2 ||     3
Evoke: Wand              |       |       |       |     9 |     2 ||    11
  Use: Potion            |       |     3 |     3 |     9 |     2 ||    17
       Scroll            |       |     5 |    11 |     8 |     5 ||    29
 Stab: Distracted        |       |       |       |     2 |       ||     2
Armor: Scale mail        |    17 |    54 |   109 |     6 |       ||   186
       Plate armour      |       |       |       |   290 |    66 ||   356
Dodge: Dodged            |    18 |    48 |   119 |   141 |    54 ||   380
Block: Kite shield       |    18 |    79 |   193 |   325 |   106 ||   721
       Reflection        |       |       |       |     2 |       ||     2

Table legend: (Time is in decaauts)
 A = Elapsed time spent in this place.
 B = Non-inter-level travel time spent in this place.
 C = Inter-level travel time spent in this place.
 D = Time resting spent in this place.
 E = Time spent auto-exploring this place.
 F = Levels seen in this place.
 G = Mean time per level.
                   A        B        C        D        E       F      G
               +--------+--------+--------+--------+--------+-----+--------+
         Total |  18029 |  17712 |    317 |   4840 |   8978 |  15 | 1201.9 |
       Dungeon |  11208 |  11064 |    144 |   3297 |   5391 |   9 | 1245.3 |
        Temple |    335 |    308 |     27 |      0 |    280 |   1 |  335.0 |
          Lair |   6485 |   6339 |    146 |   1543 |   3307 |   5 | 1297.0 |
               +--------+--------+--------+--------+--------+-----+--------+

Top non-repeatable levels by time:
  Lair:6: 2835 daAuts
     D:3: 1673 daAuts
  Lair:1: 1635 daAuts
     D:9: 1618 daAuts
     D:7: 1497 daAuts
  Lair:2: 1491 daAuts
     D:6: 1386 daAuts
     D:5: 1349 daAuts
     D:1: 1054 daAuts
     D:4: 1030 daAuts
     D:8: 878 daAuts
     D:2: 719 daAuts
  Temple: 335 daAuts
  Lair:3: 262 daAuts
  Lair:5: 261 daAuts
